| TOP OF THE 1ST |
|
University of Michigan Wolverines batting - Pitching for Pennsylvania State University Nittany Lions : RHP Erik Skipper
|
|
Pitching: RHP Erik Skipper
|
|
|
Batting: RHB Gerard Gordijn
|
0-0: Ball 1-0: Ball 2-0: Ball 3-0: Called Strike 3-1: Foul Ball, location: 2F 3-2: SINGLE (Line Drive, 78S, EV 90.0 MPH)
|
|
Batting: RHB Chris Williamson
|
0-0: Called Strike 0-1: Ball 1-1: Foul Ball, location: 2F 1-2: Ball 2-2: SINGLE (Line Drive, 4D, EV 106.2 MPH) Gerard Gordijn to second
|
|
Batting: RHB Walter Fisher
|
0-0: Called Strike 0-1: Foul Ball, location: 2F 0-2: Foul Ball, location: 2F 0-2: Foul Ball, location: 2F 0-2: Ball 1-2: Foul Ball, location: 2F 1-2: Foul Ball, location: 2F 1-2: Ball 2-2: Fielders Choice at 2nd, 6-4 (Groundball, 6, EV 79.4 MPH) Gerard Gordijn to third
|
|
Batting: RHB Mike Harden
|
0-0: Called Strike 0-1: Ground out 6-3 (Groundball, 56, EV 106.9 MPH) Gerard Gordijn scores Walter Fisher to second
|
|
Batting: RHB Remie Braakman
|
0-0: Ground out 6-3 (Groundball, P, EV 88.8 MPH)
|
| Top of the 1st over - 1 run, 2 hits, 0 errors, 1 left on base; University of Michigan 1 - Pennsylvania State University 0 |
| BOTTOM OF THE 1ST |
|
Pennsylvania State University Nittany Lions batting - Pitching for University of Michigan Wolverines : LHP Kees van Bergen
|
|
Pitching: LHP Kees van Bergen
|
|
|
Batting: RHB Francisco Velazquez
|
0-0: Called Strike 0-1: Swinging Strike 0-2: Ball 1-2: Strikes out swinging
|
|
Batting: RHB Pete Martin
|
0-0: Ball 1-0: Ball 2-0: Ground out 2-3 (Groundball, 15S, EV 63.8 MPH)
|
|
Batting: RHB Josh Ebeling
|
0-0: Ball 1-0: Fly out, F9 (Flyball, 9D, EV 103.8 MPH)
|
| Bottom of the 1st over - 0 runs, 0 hits, 0 errors, 0 left on base; University of Michigan 1 - Pennsylvania State University 0 |
| TOP OF THE 2ND |
|
University of Michigan Wolverines batting - Pitching for Pennsylvania State University Nittany Lions : RHP Erik Skipper
|
|
Batting: RHB Angus Shanahan
|
0-0: Ball 1-0: SINGLE (Flyball, 3D, EV 88.8 MPH)
|
|
Batting: LHB Murdock Cranton
|
0-0: Called Strike 0-1: Ball 1-1: Swinging Strike 1-2: Fly out, F7 (Flyball, 7LM, EV 103.8 MPH)
|
|
Batting: SHB Elvis Hoying
|
0-0: Fly out, F8 (Flyball, 8RD, EV 93.1 MPH)
|
|
Batting: LHB Lance Sabo
|
0-0: Called Strike 0-1: Fly out, F8 (Flyball, 8RM, EV 75.6 MPH)
|
| Top of the 2nd over - 0 runs, 1 hit, 0 errors, 1 left on base; University of Michigan 1 - Pennsylvania State University 0 |
| BOTTOM OF THE 2ND |
|
Pennsylvania State University Nittany Lions batting - Pitching for University of Michigan Wolverines : LHP Kees van Bergen
|
|
Batting: RHB Rob Hinojosa
|
0-0: Called Strike 0-1: SINGLE (Groundball, 6D, EV 100.0 MPH)
|
|
Batting: RHB Victor Victorino
|
0-0: Ball 1-0: Called Strike 1-1: Ball 2-1: Ball 3-1: Reached on error, E8 (Flyball, 8RM, EV 80.6 MPH) Rob Hinojosa to second
|
|
Batting: RHB Joe Strachan
|
0-0: Fly out, F8 (Flyball, 78M, EV 90.0 MPH)
|
|
Batting: RHB Perry Brantley
|
0-0: Called Strike 0-1: Called Strike 0-2: Strikes out swinging
|
|
Batting: RHB Zachary Roberts
|
0-0: Called Strike 0-1: Ball 1-1: Ball 2-1: Swinging Strike 2-2: Strikes out swinging
|
| Bottom of the 2nd over - 0 runs, 1 hit, 1 error, 2 left on base; University of Michigan 1 - Pennsylvania State University 0 |
| TOP OF THE 3RD |
|
University of Michigan Wolverines batting - Pitching for Pennsylvania State University Nittany Lions : RHP Erik Skipper
|
|
Batting: RHB Gerard Gordijn
|
0-0: Foul Ball, location: 2F 0-1: Swinging Strike 0-2: Ball 1-2: Ball 2-2: Foul Ball, location: 2F 2-2: Strikes out looking
|
|
Batting: RHB Chris Williamson
|
0-0: Foul Ball, location: 2F 0-1: Foul Ball, location: 2F 0-2: Ball 1-2: Ball 2-2: Foul Ball, location: 2F 2-2: Ground out 4-3 (Groundball, 4M, EV 76.9 MPH)
|
|
Batting: RHB Walter Fisher
|
0-0: Called Strike 0-1: Ball 1-1: Foul Ball, location: 2F 1-2: Ball 2-2: Foul Ball, location: 2F 2-2: Ground out 3-1 (Groundball, 34, EV 86.2 MPH)
|
| Top of the 3rd over - 0 runs, 0 hits, 0 errors, 0 left on base; University of Michigan 1 - Pennsylvania State University 0 |
| BOTTOM OF THE 3RD |
|
Pennsylvania State University Nittany Lions batting - Pitching for University of Michigan Wolverines : LHP Kees van Bergen
|
|
Batting: RHB James Steinmetz
|
0-0: SOLO HOME RUN (Flyball, 78XD, EV 111.9 MPH), Distance : 429 ft
|
|
Batting: RHB Francisco Velazquez
|
0-0: Called Strike 0-1: SINGLE (Groundball, 6S, EV 69.4 MPH) (infield hit)
|
|
Batting: RHB Pete Martin
|
0-0: Ball 1-0: Ball 2-0: Ball 3-0: Called Strike 3-1: Called Strike 3-2: DOUBLE (Line Drive, 7LS, EV 99.4 MPH) Francisco Velazquez to third Runner from 3rd tries for Home, SAFE, no throw by LF
|
|
Batting: RHB Josh Ebeling
|
0-0: Ball 1-0: Fly out, F8 (Flyball, 8RM, EV 94.4 MPH)
|
|
Batting: RHB Rob Hinojosa
|
0-0: Called Strike 0-1: Called Strike 0-2: Strikes out swinging
|
|
Batting: RHB Victor Victorino
|
0-0: Called Strike 0-1: Swinging Strike 0-2: SINGLE (Line Drive, 56D, EV 98.8 MPH) Pete Martin to third Runner from 3rd tries for Home, SAFE, throw by LF to home
|
|
Batting: RHB Joe Strachan
|
0-0: Called Strike 0-1: Swinging Strike 0-2: Ball 1-2: Foul Ball, location: 2F 1-2: Foul Ball, location: 2F 1-2: Ball 2-2: Strikes out looking
|
| Bottom of the 3rd over - 3 runs, 4 hits, 0 errors, 1 left on base; University of Michigan 1 - Pennsylvania State University 3 |
| TOP OF THE 4TH |
|
University of Michigan Wolverines batting - Pitching for Pennsylvania State University Nittany Lions : RHP Erik Skipper
|
|
Now in LF: Guy Jock
|
|
|
Batting: RHB Mike Harden
|
0-0: Ball 1-0: Ball 2-0: Swinging Strike 2-1: Called Strike 2-2: Foul Ball, location: 2F 2-2: Strikes out swinging
|
|
Batting: RHB Remie Braakman
|
0-0: Swinging Strike 0-1: Foul Ball, location: 2F 0-2: Ball 1-2: Ground out 5-3 (Groundball, 56S, EV 90.0 MPH)
|
|
Batting: RHB Angus Shanahan
|
0-0: Foul Ball, location: 2F 0-1: Swinging Strike 0-2: Foul Ball, location: 2F 0-2: Ball 1-2: Ball 2-2: Ball 3-2: Foul Ball, location: 2F 3-2: Foul Ball, location: 2F 3-2: Base on Balls
|
|
Batting: LHB Murdock Cranton
|
0-0: Ball 1-0: Swinging Strike 1-1: Ball 2-1: Called Strike 2-2: Fielders Choice at 2nd, 6-4 (Groundball, 6, EV 103.8 MPH)
|
| Top of the 4th over - 0 runs, 0 hits, 0 errors, 1 left on base; University of Michigan 1 - Pennsylvania State University 3 |
| BOTTOM OF THE 4TH |
|
Pennsylvania State University Nittany Lions batting - Pitching for University of Michigan Wolverines : LHP Kees van Bergen
|
|
Batting: RHB Perry Brantley
|
0-0: Ball 1-0: Swinging Strike 1-1: Swinging Strike 1-2: Strikes out swinging
|
|
Batting: RHB Zachary Roberts
|
0-0: Called Strike 0-1: Swinging Strike 0-2: Ball 1-2: Foul Ball, location: 2F 1-2: Strikes out swinging
|
|
Batting: RHB James Steinmetz
|
0-0: Ball 1-0: Ball 2-0: Ball 3-0: Called Strike 3-1: Ground out 6-3 (Groundball, 6S, EV 83.8 MPH)
|
| Bottom of the 4th over - 0 runs, 0 hits, 0 errors, 0 left on base; University of Michigan 1 - Pennsylvania State University 3 |
| TOP OF THE 5TH |
|
University of Michigan Wolverines batting - Pitching for Pennsylvania State University Nittany Lions : RHP Erik Skipper
|
|
Batting: SHB Elvis Hoying
|
0-0: Ground out 5-3 (Groundball, 56, EV 85.6 MPH)
|
|
Batting: LHB Lance Sabo
|
0-0: DOUBLE (Line Drive, 5D, EV 97.5 MPH)
|
|
Batting: RHB Gerard Gordijn
|
0-0: Called Strike 0-1: Ball 1-1: Reached on error, E9 (Flyball, 9LS, EV 88.1 MPH) Lance Sabo to third
|
|
Batting: RHB Chris Williamson
|
0-0: Called Strike 0-1: Called Strike 0-2: Strikes out swinging
|
|
Batting: RHB Walter Fisher
|
0-0: Ball 1-0: Ball 2-0: Called Strike 2-1: Ball 3-1: Base on Balls Gerard Gordijn to second
|
|
Pitching: LHP Yari Rono
|
|
|
Batting: RHB Mike Harden
|
0-0: Ball 1-0: Called Strike 1-1: Foul Ball, location: 2F 1-2: Ball 2-2: Fly out, F7 (Flyball, 7S, EV 90.0 MPH)
|
| Top of the 5th over - 0 runs, 1 hit, 1 error, 3 left on base; University of Michigan 1 - Pennsylvania State University 3 |
| BOTTOM OF THE 5TH |
|
Pennsylvania State University Nittany Lions batting - Pitching for University of Michigan Wolverines : LHP Kees van Bergen
|
|
Batting: RHB Francisco Velazquez
|
0-0: Called Strike 0-1: Ball 1-1: Ball 2-1: Ball 3-1: Foul Ball, location: 2F 3-2: SINGLE (Groundball, 56, EV 105.6 MPH)
|
|
Batting: RHB Guy Jock
|
0-0: Ball 1-0: Ball 2-0: Sac Bunt to 5S - play at first, batter OUT! 5-3 Francisco Velazquez to second
|
|
Batting: RHB Josh Ebeling
|
0-0: Called Strike 0-1: Fly out, F8 (Flyball, 89M, EV 73.1 MPH) Runner from 2nd tags up, SAFE at 3rd with throw by CF
|
|
Batting: RHB Rob Hinojosa
|
0-0: Ball 1-0: Swinging Strike 1-1: Ball 2-1: Called Strike 2-2: Strikes out swinging
|
| Bottom of the 5th over - 0 runs, 1 hit, 0 errors, 1 left on base; University of Michigan 1 - Pennsylvania State University 3 |
| TOP OF THE 6TH |
|
University of Michigan Wolverines batting - Pitching for Pennsylvania State University Nittany Lions : LHP Yari Rono
|
|
Batting: RHB Remie Braakman
|
0-0: Called Strike 0-1: Foul Ball, location: 2F 0-2: Ball 1-2: Strikes out swinging
|
|
Batting: RHB Angus Shanahan
|
0-0: Called Strike 0-1: Called Strike 0-2: Foul Ball, location: 2F 0-2: Ball 1-2: Strikes out swinging
|
|
Batting: LHB Murdock Cranton
|
0-0: Ground out 4-3 (Groundball, 4MD, EV 80.0 MPH)
|
| Top of the 6th over - 0 runs, 0 hits, 0 errors, 0 left on base; University of Michigan 1 - Pennsylvania State University 3 |
| BOTTOM OF THE 6TH |
|
Pennsylvania State University Nittany Lions batting - Pitching for University of Michigan Wolverines : LHP Kees van Bergen
|
|
Batting: RHB Victor Victorino
|
0-0: Called Strike 0-1: Called Strike 0-2: Foul Ball, location: 2F 0-2: Ball 1-2: SINGLE (Line Drive, 4D, EV 96.2 MPH)
|
|
Batting: RHB Joe Strachan
|
0-0: DOUBLE (Line Drive, 8LXD, EV 98.1 MPH) Victor Victorino to third
|
|
Pitching: RHP Dave Catano
|
|
|
Batting: RHB Perry Brantley
|
0-0: Ball 1-0: Swinging Strike 1-1: Called Strike 1-2: Ball 2-2: Strikes out swinging
|
|
Batting: RHB Zachary Roberts
|
0-0: Fly out, F7 (Flyball, 7, EV 90.6 MPH) Runner from 3rd tags up, SCORES, throw by LF
|
|
Batting: RHB James Steinmetz
|
0-0: Called Strike 0-1: Fly out, F7 (Flyball, 7, EV 88.8 MPH)
|
| Bottom of the 6th over - 1 run, 2 hits, 0 errors, 1 left on base; University of Michigan 1 - Pennsylvania State University 4 |
| TOP OF THE 7TH |
|
University of Michigan Wolverines batting - Pitching for Pennsylvania State University Nittany Lions : LHP Yari Rono
|
|
Batting: SHB Elvis Hoying
|
0-0: Ball 1-0: Ground out 5-3 (Groundball, 5L, EV 108.1 MPH)
|
|
Batting: LHB Lance Sabo
|
0-0: Called Strike 0-1: Foul Ball, location: 2F 0-2: Strikes out swinging
|
|
Batting: RHB Gerard Gordijn
|
0-0: Called Strike 0-1: Called Strike 0-2: Ball 1-2: Strikes out swinging
|
| Top of the 7th over - 0 runs, 0 hits, 0 errors, 0 left on base; University of Michigan 1 - Pennsylvania State University 4 |
| BOTTOM OF THE 7TH |
|
Pennsylvania State University Nittany Lions batting - Pitching for University of Michigan Wolverines : RHP Dave Catano
|
|
Pitching: RHP Dave Bressler
|
|
|
Batting: RHB Francisco Velazquez
|
0-0: Ball 1-0: Ground out 5-3 (Groundball, 5, EV 86.2 MPH)
|
|
Batting: RHB Guy Jock
|
0-0: Ball 1-0: Called Strike 1-1: Called Strike 1-2: Foul Ball, location: 2F 1-2: SOLO HOME RUN (Flyball, 9LD, EV 100.0 MPH), Distance : 382 ft
|
|
Batting: RHB Josh Ebeling
|
0-0: Foul Ball, location: 2F 0-1: Swinging Strike 0-2: Foul Ball, location: 2F 0-2: Foul Ball, location: 2F 0-2: Ball 1-2: Fly out, F9 (Flyball, 9D, EV 104.4 MPH)
|
|
Batting: RHB Rob Hinojosa
|
0-0: Ball 1-0: Foul Ball, location: 2F 1-1: Fly out, F8 (Flyball, 8LM, EV 80.0 MPH)
|
| Bottom of the 7th over - 1 run, 1 hit, 0 errors, 0 left on base; University of Michigan 1 - Pennsylvania State University 5 |
| TOP OF THE 8TH |
|
University of Michigan Wolverines batting - Pitching for Pennsylvania State University Nittany Lions : LHP Yari Rono
|
|
Pitching: RHP Hector Guzman
|
|
|
Batting: RHB Chris Williamson
|
0-0: Foul Ball, location: 2F 0-1: Ball 1-1: Ball 2-1: SOLO HOME RUN (Flyball, 7D, EV 95.6 MPH), Distance : 376 ft
|
|
Batting: RHB Walter Fisher
|
0-0: Ball 1-0: Swinging Strike 1-1: Fly out, F8 (Line Drive, 78M, EV 99.4 MPH)
|
|
Batting: RHB Mike Harden
|
0-0: Ball 1-0: Called Strike 1-1: Ball 2-1: Foul Ball, location: 2F 2-2: Fly out, F5 (Popup, 5SF, EV 76.9 MPH)
|
|
Batting: RHB Remie Braakman
|
0-0: Swinging Strike 0-1: Fly out, F8 (Flyball, 8LD, EV 100.0 MPH)
|
| Top of the 8th over - 1 run, 1 hit, 0 errors, 0 left on base; University of Michigan 2 - Pennsylvania State University 5 |
| BOTTOM OF THE 8TH |
|
Pennsylvania State University Nittany Lions batting - Pitching for University of Michigan Wolverines : RHP Dave Bressler
|
|
Pitching: LHP Kunikazu Ishida
|
|
|
Batting: RHB Victor Victorino
|
0-0: Swinging Strike 0-1: Foul Ball, location: 2F 0-2: Ball 1-2: Ball 2-2: Strikes out swinging
|
|
Batting: RHB Joe Strachan
|
0-0: Ground out 6-3 (Groundball, 56D, EV 104.4 MPH)
|
|
Batting: RHB Perry Brantley
|
0-0: Called Strike 0-1: Ground out 5-3 (Groundball, 56, EV 94.4 MPH)
|
| Bottom of the 8th over - 0 runs, 0 hits, 0 errors, 0 left on base; University of Michigan 2 - Pennsylvania State University 5 |
| TOP OF THE 9TH |
|
University of Michigan Wolverines batting - Pitching for Pennsylvania State University Nittany Lions : RHP Hector Guzman
|
|
Pitching: RHP Preki Nedic
|
|
|
Batting: RHB Angus Shanahan
|
0-0: Foul Ball, location: 2F 0-1: Fly out, F7 (Flyball, 78S, EV 91.9 MPH)
|
|
Pinch Hitting: LHB Dakota Kaempf
|
0-0: Ball 1-0: Called Strike 1-1: Swinging Strike 1-2: Ball 2-2: Ball 3-2: Ground out 4-3 (Groundball, 4S, EV 83.8 MPH)
|
|
Pinch Hitting: RHB Allan Dunn
|
0-0: Fly out, F9 (Flyball, 89S, EV 92.5 MPH)
|
| Top of the 9th over - 0 runs, 0 hits, 0 errors, 0 left on base; University of Michigan 2 - Pennsylvania State University 5 |
|